| TOP OF THE 1ST |
|
Buffalo Bisons batting - Pitching for Toledo Mud Hens : RHP Ruben Arana
|
|
Pitching: RHP Ruben Arana
|
|
|
Batting: RHB Alex Ramos
|
0-0: Called Strike 0-1: Ground out 5-3 (Groundball, 5S, EV 87.5 MPH)
|
|
Batting: RHB Michel Martineau
|
0-0: Ball 1-0: Ball 2-0: Reached on error, E4 (Groundball, 4S, EV 81.2 MPH)
|
|
Batting: SHB Dominik Hasek II
|
0-0: Foul Ball, location: 2F 0-1: Ball 1-1: Foul Ball, location: 2F 1-2: Foul Ball, location: 2F 1-2: Ball 2-2: Fly out, F8 (Flyball, 8RD, EV 93.1 MPH)
|
|
Batting: RHB Kyle Scruggs
|
0-0: Ball 1-0: Fielders Choice at 2nd, 6-4 (Groundball, 6, EV 81.9 MPH)
|
| Top of the 1st over - 0 runs, 0 hits, 1 error, 1 left on base; Buffalo 0 - Toledo 0 |
| BOTTOM OF THE 1ST |
|
Toledo Mud Hens batting - Pitching for Buffalo Bisons : LHP Alfonso Guillen
|
|
Pitching: LHP Alfonso Guillen
|
|
|
Batting: LHB Bill Ford
|
0-0: Ball 1-0: Foul Ball, location: 2F 1-1: Ball 2-1: Called Strike 2-2: Foul Ball, location: 2F 2-2: Foul Ball, location: 2F 2-2: Foul Ball, location: 2F 2-2: Foul Ball, location: 2F 2-2: Ball 3-2: Foul Ball, location: 2F 3-2: Foul Ball, location: 2F 3-2: Foul Ball, location: 2F 3-2: Ground out 4-3 (Groundball, 4MS, EV 69.4 MPH)
|
|
Batting: RHB J.J. Basil
|
0-0: Called Strike 0-1: Fly out, F9 (Flyball, 9, EV 90.0 MPH)
|
|
Batting: RHB Jamie Villagrana
|
0-0: Called Strike 0-1: Swinging Strike 0-2: Ball 1-2: Strikes out swinging
|
| Bottom of the 1st over - 0 runs, 0 hits, 0 errors, 0 left on base; Buffalo 0 - Toledo 0 |
| TOP OF THE 2ND |
|
Buffalo Bisons batting - Pitching for Toledo Mud Hens : RHP Ruben Arana
|
|
Batting: RHB Leo Mair
|
0-0: Fly out, F9 (Line Drive, 89M, EV 91.9 MPH)
|
|
Batting: LHB Gabe Pace
|
0-0: Swinging Strike 0-1: Ball 1-1: Called Strike 1-2: Foul Ball, location: 2F 1-2: Ground out 6-3 (Groundball, 6, EV 87.5 MPH)
|
|
Batting: RHB Väinö Tapaninen
|
0-0: Ball 1-0: SINGLE (Groundball, 25, EV 68.1 MPH) (infield hit)
|
|
Batting: RHB Bryan Peterson
|
0-0: Ball 1-0: Called Strike 1-1: Called Strike Väinö Tapaninen steals 2nd base (no throw) 1-2: Foul Ball, location: 2F 1-2: Ground out 6-3 (Groundball, 6, EV 88.1 MPH)
|
| Top of the 2nd over - 0 runs, 1 hit, 0 errors, 1 left on base; Buffalo 0 - Toledo 0 |
| BOTTOM OF THE 2ND |
|
Toledo Mud Hens batting - Pitching for Buffalo Bisons : LHP Alfonso Guillen
|
|
Batting: LHB Jon Frederick
|
0-0: Ball 1-0: Called Strike 1-1: DOUBLE (Line Drive, 7LD, EV 103.1 MPH)
|
|
Batting: RHB Dan Becvar
|
0-0: Foul Ball, location: 2F 0-1: Foul Ball, location: 2F 0-2: Strikes out swinging
|
|
Batting: RHB Brandon O'Malley
|
0-0: Swinging Strike 0-1: Ball 1-1: Foul Ball, location: 2F 1-2: Strikes out swinging
|
|
Batting: RHB Joel Miller
|
0-0: Ball 1-0: SINGLE (Line Drive, 4D, EV 106.9 MPH) Jon Frederick to third
|
|
Batting: RHB Keith Hoffman
|
0-0: Foul Ball, location: 2F 0-1: Ground out 1-3 (Groundball, 13S, EV 63.1 MPH)
|
| Bottom of the 2nd over - 0 runs, 2 hits, 0 errors, 2 left on base; Buffalo 0 - Toledo 0 |
| TOP OF THE 3RD |
|
Buffalo Bisons batting - Pitching for Toledo Mud Hens : RHP Ruben Arana
|
|
Batting: RHB Frank Caulfield
|
0-0: Ball 1-0: Foul Ball, location: 2F 1-1: Ball 2-1: Foul Ball, location: 2F 2-2: Ball 3-2: Ground out 6-3 (Groundball, 56, EV 86.9 MPH)
|
|
Batting: RHB Alex Ramos
|
0-0: Foul Ball, location: 2F 0-1: Swinging Strike 0-2: Ball 1-2: TRIPLE (Flyball, 89XD, EV 96.9 MPH)
|
|
Batting: RHB Michel Martineau
|
0-0: Called Strike 0-1: Ball 1-1: Swinging Strike 1-2: Ball 2-2: Ball 3-2: Base on Balls
|
|
Batting: SHB Dominik Hasek II
|
0-0: Called Strike 0-1: Ball 1-1: Ball 2-1: Fielders Choice at 2nd, 5-4 (Groundball, 56, EV 86.9 MPH) Alex Ramos scores
|
|
Batting: RHB Kyle Scruggs
|
0-0: Called Strike 0-1: Ball 1-1: Ball 2-1: Ball 3-1: Called Strike 3-2: TRIPLE (Flyball, 89XD, EV 95.0 MPH) Dominik Hasek II scores
|
|
Batting: RHB Leo Mair
|
0-0: Ball 1-0: Ball 2-0: Foul Ball, location: 2F 2-1: Ball 3-1: Hit by Pitch
|
|
Batting: LHB Gabe Pace
|
0-0: Ball 1-0: Ball 2-0: Swinging Strike 2-1: Ground out 4-3 (Groundball, 4, EV 83.1 MPH)
|
| Top of the 3rd over - 2 runs, 2 hits, 0 errors, 2 left on base; Buffalo 2 - Toledo 0 |
| BOTTOM OF THE 3RD |
|
Toledo Mud Hens batting - Pitching for Buffalo Bisons : LHP Alfonso Guillen
|
|
Batting: SHB Chris Wagler
|
0-0: Ball 1-0: Called Strike 1-1: Ball 2-1: Called Strike 2-2: Strikes out swinging
|
|
Batting: LHB Bill Ford
|
0-0: Called Strike 0-1: Ball 1-1: Called Strike 1-2: Ground out U3 (Groundball, 34S, EV 86.2 MPH)
|
|
Batting: RHB J.J. Basil
|
0-0: Ball 1-0: Called Strike 1-1: Foul Ball, location: 2F 1-2: Strikes out swinging
|
| Bottom of the 3rd over - 0 runs, 0 hits, 0 errors, 0 left on base; Buffalo 2 - Toledo 0 |
| TOP OF THE 4TH |
|
Buffalo Bisons batting - Pitching for Toledo Mud Hens : RHP Ruben Arana
|
|
Batting: RHB Väinö Tapaninen
|
0-0: Swinging Strike 0-1: Ball 1-1: Swinging Strike 1-2: Ball 2-2: Strikes out swinging
|
|
Batting: RHB Bryan Peterson
|
0-0: Ball 1-0: Called Strike 1-1: Fly out, F8 (Flyball, 8LM, EV 92.5 MPH)
|
|
Batting: RHB Frank Caulfield
|
0-0: Called Strike 0-1: Ball 1-1: Ground out 4-3 (Groundball, 4, EV 105.0 MPH)
|
| Top of the 4th over - 0 runs, 0 hits, 0 errors, 0 left on base; Buffalo 2 - Toledo 0 |
| BOTTOM OF THE 4TH |
|
Toledo Mud Hens batting - Pitching for Buffalo Bisons : LHP Alfonso Guillen
|
|
Batting: RHB Jamie Villagrana
|
0-0: Ball 1-0: Foul Ball, location: 2F 1-1: Ball 2-1: SINGLE (Groundball, 6D, EV 104.4 MPH)
|
|
Batting: LHB Jon Frederick
|
0-0: Swinging Strike 0-1: TRIPLE (Flyball, 78XD, EV 100.6 MPH) Jamie Villagrana scores
|
|
Batting: RHB Dan Becvar
|
0-0: Fly out, F9 (Line Drive, 89S, EV 86.9 MPH)
|
|
Batting: RHB Brandon O'Malley
|
0-0: Fly out, F7 (Flyball, 78M, EV 86.2 MPH)
|
|
Batting: RHB Joel Miller
|
0-0: Ball 1-0: Ground out 5-3 (Groundball, 56S, EV 83.1 MPH)
|
| Bottom of the 4th over - 1 run, 2 hits, 0 errors, 1 left on base; Buffalo 2 - Toledo 1 |
| TOP OF THE 5TH |
|
Buffalo Bisons batting - Pitching for Toledo Mud Hens : RHP Ruben Arana
|
|
Batting: RHB Alex Ramos
|
0-0: Reached on error, E5 (Groundball, 5S, EV 86.9 MPH)
|
|
Batting: RHB Michel Martineau
|
0-0: Called Strike 0-1: Ball 1-1: Called Strike 1-2: Strikes out swinging
|
|
Batting: SHB Dominik Hasek II
|
0-0: Called Strike 0-1: Ground out 4-3 (Groundball, 4, EV 101.2 MPH) Alex Ramos to third
|
|
Batting: RHB Kyle Scruggs
|
0-0: Ball 1-0: Called Strike 1-1: Ball 2-1: Foul Ball, location: 2F 2-2: Reaches on Catchers interference
|
|
Batting: RHB Leo Mair
|
0-0: Swinging Strike 0-1: Fielders Choice at 2nd, 6-4 (Groundball, 6, EV 84.4 MPH)
|
| Top of the 5th over - 0 runs, 0 hits, 2 errors, 2 left on base; Buffalo 2 - Toledo 1 |
| BOTTOM OF THE 5TH |
|
Toledo Mud Hens batting - Pitching for Buffalo Bisons : LHP Alfonso Guillen
|
|
Batting: RHB Keith Hoffman
|
0-0: Ball 1-0: Called Strike 1-1: Ball 2-1: Called Strike 2-2: Strikes out swinging
|
|
Batting: SHB Chris Wagler
|
0-0: Foul Ball, location: 2F 0-1: Ball 1-1: Foul Ball, location: 2F 1-2: Ground out 4-3 (Groundball, 4MS, EV 70.0 MPH)
|
|
Batting: LHB Bill Ford
|
0-0: Fly out, F8 (Flyball, 89M, EV 91.2 MPH)
|
| Bottom of the 5th over - 0 runs, 0 hits, 0 errors, 0 left on base; Buffalo 2 - Toledo 1 |
| TOP OF THE 6TH |
|
Buffalo Bisons batting - Pitching for Toledo Mud Hens : RHP Ruben Arana
|
|
Batting: LHB Gabe Pace
|
0-0: Ball 1-0: Ball 2-0: Called Strike 2-1: Ground out 6-3 (Groundball, 6M, EV 88.8 MPH)
|
|
Batting: RHB Väinö Tapaninen
|
0-0: Ball 1-0: Ball 2-0: Ball 3-0: Called Strike 3-1: Base on Balls
|
|
Batting: RHB Bryan Peterson
|
0-0: Ball 1-0: Ball 2-0: Ball 3-0: Base on Balls Väinö Tapaninen to second
|
|
Batting: RHB Frank Caulfield
|
0-0: Ball 1-0: Ball 2-0: Foul Ball, location: 2F 2-1: Foul Ball, location: 2F 2-2: SINGLE (Line Drive, 3D, EV 103.1 MPH) Väinö Tapaninen to third Bryan Peterson to second Runner from 3rd tries for Home, SAFE, throw by RF to home
|
|
Pitching: RHP Jason Mucci
|
|
|
Batting: RHB Alex Ramos
|
0-0: Grounds into double play, 5-4-3 (Groundball, 56, EV 83.1 MPH)
|
| Top of the 6th over - 1 run, 1 hit, 0 errors, 1 left on base; Buffalo 3 - Toledo 1 |
| BOTTOM OF THE 6TH |
|
Toledo Mud Hens batting - Pitching for Buffalo Bisons : LHP Alfonso Guillen
|
|
Batting: RHB J.J. Basil
|
0-0: Swinging Strike 0-1: Ball 1-1: SINGLE (Line Drive, 7S, EV 103.8 MPH)
|
|
Batting: RHB Jamie Villagrana
|
0-0: Ball 1-0: SINGLE (Line Drive, 3D, EV 97.5 MPH) J.J. Basil to second Runner from 2nd tries for 3rd, SAFE, throw by RF made to third
|
|
Batting: LHB Jon Frederick
|
0-0: Ball 1-0: Foul Ball, location: 2F 1-1: Ball 2-1: Fly out, F7 (Flyball, 7, EV 92.5 MPH)
|
|
Batting: RHB Dan Becvar
|
0-0: Ball 1-0: Called Strike 1-1: Swinging Strike 1-2: Strikes out swinging
|
|
Batting: RHB Brandon O'Malley
|
0-0: Ball 1-0: Ball 2-0: Ball 3-0: Called Strike 3-1: Fly out, F7 (Flyball, 78M, EV 90.0 MPH)
|
| Bottom of the 6th over - 0 runs, 2 hits, 0 errors, 2 left on base; Buffalo 3 - Toledo 1 |
| TOP OF THE 7TH |
|
Buffalo Bisons batting - Pitching for Toledo Mud Hens : RHP Jason Mucci
|
|
Batting: RHB Michel Martineau
|
0-0: Ball 1-0: Ball 2-0: TRIPLE (Flyball, 8RXD, EV 92.5 MPH)
|
|
Batting: SHB Dominik Hasek II
|
0-0: Intentional Walk
|
|
Batting: RHB Kyle Scruggs
|
0-0: Fly out, F8 (Line Drive, 8LM, EV 106.9 MPH) Runner from 3rd tags up, SCORES, throw by CF
|
|
Batting: RHB Leo Mair
|
0-0: Called Strike 0-1: Ball 1-1: Swinging Strike 1-2: Strikes out swinging
|
|
Batting: LHB Gabe Pace
|
0-0: Ball 1-0: Foul Ball, location: 2F 1-1: Called Strike 1-2: Foul Ball, location: 2F 1-2: Strikes out swinging
|
| Top of the 7th over - 1 run, 1 hit, 0 errors, 1 left on base; Buffalo 4 - Toledo 1 |
| BOTTOM OF THE 7TH |
|
Toledo Mud Hens batting - Pitching for Buffalo Bisons : LHP Alfonso Guillen
|
|
Batting: RHB Joel Miller
|
0-0: Ball 1-0: Foul Ball, location: 2F 1-1: Foul Ball, location: 2F 1-2: SINGLE (Groundball, 56D, EV 100.6 MPH)
|
|
Batting: RHB Keith Hoffman
|
0-0: Ball 1-0: Sac Bunt to 13S - play at first, batter OUT! 1-3 Joel Miller to second
|
|
Batting: SHB Chris Wagler
|
0-0: Called Strike 0-1: Fly out, F8 (Flyball, 8RD, EV 79.4 MPH)
|
|
Batting: LHB Bill Ford
|
0-0: Called Strike 0-1: Called Strike 0-2: Strikes out looking
|
| Bottom of the 7th over - 0 runs, 1 hit, 0 errors, 1 left on base; Buffalo 4 - Toledo 1 |
| TOP OF THE 8TH |
|
Buffalo Bisons batting - Pitching for Toledo Mud Hens : RHP Jason Mucci
|
|
Batting: RHB Väinö Tapaninen
|
0-0: Called Strike 0-1: Fly out, F6 (Line Drive, 6M, EV 66.9 MPH)
|
|
Batting: RHB Bryan Peterson
|
0-0: Called Strike 0-1: Called Strike 0-2: Strikes out swinging
|
|
Batting: RHB Frank Caulfield
|
0-0: Swinging Strike 0-1: Foul Ball, location: 2F 0-2: Foul Ball, location: 2F 0-2: Ball 1-2: Foul Ball, location: 2F 1-2: DOUBLE (Line Drive, 78D, EV 103.8 MPH)
|
|
Batting: RHB Alex Ramos
|
0-0: Ball 1-0: Foul Ball, location: 2F 1-1: Foul Ball, location: 2F 1-2: Ball 2-2: Ball 3-2: Ground out 1-3 (Groundball, 15S, EV 64.4 MPH)
|
| Top of the 8th over - 0 runs, 1 hit, 0 errors, 1 left on base; Buffalo 4 - Toledo 1 |
| BOTTOM OF THE 8TH |
|
Toledo Mud Hens batting - Pitching for Buffalo Bisons : LHP Alfonso Guillen
|
|
Batting: RHB J.J. Basil
|
0-0: Fly out, F9 (Flyball, 9LM, EV 85.6 MPH)
|
|
Batting: RHB Jamie Villagrana
|
0-0: Fly out, F8 (Flyball, 8LD, EV 78.8 MPH)
|
|
Batting: LHB Jon Frederick
|
0-0: Ground out 6-3 (Groundball, 4M, EV 95.6 MPH)
|
| Bottom of the 8th over - 0 runs, 0 hits, 0 errors, 0 left on base; Buffalo 4 - Toledo 1 |
| TOP OF THE 9TH |
|
Buffalo Bisons batting - Pitching for Toledo Mud Hens : RHP Jason Mucci
|
|
Pitching: LHP Bobby Jones
|
|
|
Batting: RHB Michel Martineau
|
0-0: Ground out 6-3 (Groundball, 6, EV 85.0 MPH)
|
|
Batting: SHB Dominik Hasek II
|
0-0: Ball 1-0: Called Strike 1-1: Fly out, F8 (Flyball, 89D, EV 103.8 MPH)
|
|
Batting: RHB Kyle Scruggs
|
0-0: Ball 1-0: Ball 2-0: Called Strike 2-1: Ball 3-1: Foul Ball, location: 2F 3-2: SINGLE (Line Drive, 78S, EV 100.6 MPH)
|
|
Batting: RHB Leo Mair
|
0-0: Ball 1-0: Foul Ball, location: 2F 1-1: Ball 2-1: Swinging Strike 2-2: Foul Ball, location: 2F 2-2: Strikes out looking
|
| Top of the 9th over - 0 runs, 1 hit, 0 errors, 1 left on base; Buffalo 4 - Toledo 1 |
| BOTTOM OF THE 9TH |
|
Toledo Mud Hens batting - Pitching for Buffalo Bisons : LHP Alfonso Guillen
|
|
Pitching: LHP Julio Gonzalez
|
|
|
Batting: RHB Dan Becvar
|
0-0: Ball 1-0: Called Strike 1-1: Swinging Strike 1-2: Strikes out swinging
|
|
Batting: RHB Brandon O'Malley
|
0-0: Ball 1-0: Ball 2-0: Ground out 3-1 (Groundball, 34S, EV 79.4 MPH)
|
|
Batting: RHB Joel Miller
|
0-0: Foul Ball, location: 2F 0-1: Ball 1-1: Foul Ball, location: 2F 1-2: Ball 2-2: Ball 3-2: Ground out 3-1 (Groundball, 34S, EV 80.6 MPH)
|
| Bottom of the 9th over - 0 runs, 0 hits, 0 errors, 0 left on base; Buffalo 4 - Toledo 1 |
|